 Dungeon Crawl Stone Soup version 0.23.2 (webtiles) character file.

Game seed: 7461871960014855876

666 Borgoz the Covered (level 7, -12/44 HPs)
             Began as a Gargoyle Fighter on Apr 9, 2019.
             Mangled by an ogre
             ... wielding a +0 giant spiked club
              (13 damage)
             ... on level 5 of the Dungeon.
             The game lasted 00:06:32 (4500 turns).

Borgoz the Covered (Gargoyle Fighter)               Turns: 4500, Time: 00:06:32

Health: -12/44     AC: 14    Str: 19    XL:     7   Next: 57%
Magic:  5/5        EV: 11    Int:  9    God:
Gold:   248        SH:  0    Dex: 11    Spells: 6/6 levels left

rFire    . . .     SeeInvis .   b - +0 short sword (antimagic)
rCold    . . .     Gourm    .   (no shield)
rNeg     + . .     Faith    .   o - +0 scale mail
rPois    ∞         Spirit   .   (no helmet)
rElec    +         Reflect  .   l - +1 cloak
rCorr    .         Harm     .   (no gloves)
MR       .....                  (no boots)
Stlth    ++........             q - amulet of inaccuracy (curse)
HPRegen  0.14/turn              h - ring of magical power
MPRegen  0.09/turn              i - ring of stealth

@: no status effects
A: negative energy resistance 1, electricity resistance, unbreathing,
petrification resistance, rot immunity, AC +4
a: no special abilities


You were on level 5 of the Dungeon.
You were hungry.

You visited 1 branch of the dungeon, and saw 5 of its levels.

You collected 248 gold pieces.

Inventory:

Hand Weapons
 a - a +1 rapier
 b - a +0 antimagic short sword (weapon)
 e - a +2 dagger of speed
Missiles
 g - 8 javelins (quivered)
 r - 6 tomahawks of returning
Armour
 c - a +0 shield
 l - a +1 cloak (worn)
 o - a +0 scale mail (worn)
Jewellery
 h - a ring of magical power (left hand)
 i - a ring of stealth (right hand)
 k - an uncursed ring of magical power
 p - an uncursed amulet of magic regeneration
 q - a cursed amulet of inaccuracy (around neck)
Scrolls
 j - 2 scrolls of identify {unknown}
 m - a scroll of remove curse {unknown}
 s - 2 scrolls of enchant weapon
Potions
 d - a potion of might
 n - a potion of haste
Comestibles
 f - 12 rations


   Skills:
 + Level 4.6 Fighting
 * Level 4.2 Short Blades
 + Level 4.6 Armour
 * Level 3.3 Dodging
 + Level 3.3 Stealth
 - Level 3.2 Shields


You had 6 spell levels left.
You didn't know any spells.
Your spell library was empty.

Dungeon Overview and Level Annotations

Branches:
Dungeon (5/15)
 Temple: D:4-7

Altars:
Okawaru
Sif Muna
Vehumet


Innate Abilities, Weirdness & Mutations

You are resistant to torment.
Your stone body is resilient. (AC +4)
You are immune to poison.
You resist negative energy. (rN+)
You are resistant to electric shocks. (rElec)
You can survive without breathing.
You are immune to petrification.
You are immune to rotting.


Message History

You hit the ogre.
The ogre is moderately wounded.
The adder skeleton bites you but does no damage.
You closely miss the ogre.
The ogre is moderately wounded.
The ogre hits you with a +0 giant spiked club!!
* * * LOW HITPOINT WARNING * * *
The adder skeleton bites you but does no damage.
You barely miss the ogre.
The ogre is moderately wounded.
It was a potion of cancellation.
Your magical effects are unravelling.
You feel magically purged.
You feel less wooden.
Your +1 cloak unmelds from your body.
Your +0 scale mail unmelds from your body.
You feel yourself slow down.
You feel a little less mighty now.
The adder skeleton bites you but does no damage.
The ogre hits you with a +0 giant spiked club!
You die...

#.# #.# #.# #.#
#.#
#.###########
###
+............
...
#.###..%....#
###
..#.###@......#
.......ZO.....+
..
###.###.......#
.. #+#
#........ ##
....#.... #
.....#....
......# ...
.......# ##
..$....?#


You could see an ogre and an adder skeleton.

Vanquished Creatures
  An ogre (D:4)
  A scorpion (D:5)
  A crimson imp (D:5)
  A bullfrog zombie (D:5)
  A bullfrog skeleton (D:4)
  A jelly (D:5)
  4 orc wizards
  An iguana (D:5)
  A statue (D:4)
  A worker ant (D:4)
  5 gnolls
  11 adders
  4 worms
  2 leopard geckos
  8 orcs
  9 bats
  8 goblins
  3 hobgoblins
  2 jackals (D:2)
  3 quokkas
  5 frilled lizards
  7 kobolds
  9 rats
89 creatures vanquished.

Vanquished Creatures (others)
  2 plants (D:4)
2 creatures vanquished.

Grand Total: 91 creatures vanquished

Notes
Turn   | Place    | Note
-------+----------+-------------------------------------------
     0 | D:1      | Borgoz the Gargoyle Fighter began the quest for the Orb.
     0 | D:1      | Reached XP level 1. HP: 14/14 MP: 1/1
    90 | D:1      | Reached XP level 2. HP: 11/19 MP: 2/2
   396 | D:1      | Reached skill level 1 in Stealth
   410 | D:1      | Reached skill level 1 in Dodging
   642 | D:1      | Reached XP level 3. HP: 23/23 MP: 3/3
  1000 | D:2      | Found an iron altar of Okawaru.
  1177 | D:2      | Reached XP level 4. HP: 28/28 MP: 4/4
  1197 | D:2      | Reached XP level 5. HP: 31/33 MP: 5/5
  1825 | D:3      | Found a deep blue altar of Sif Muna.
  2866 | D:4      | Noticed an ogre
  2881 | D:4      | Killed an ogre
  2881 | D:4      | Reached XP level 6. HP: 32/38 MP: 5/6
  3201 | D:4      | Found a radiant altar of Vehumet.
  3516 | D:4      | Reached XP level 7. HP: 36/44 MP: 5/7
  3829 | D:5      | Entered Level 5 of the Dungeon
  4498 | D:5      | HP: 1/66 [ogre/+0 giant spiked club (21)]
  4500 | D:5      | Mangled by an ogre

Skill      XL: |  1  2  3  4  5  6  7 |
---------------+----------------------+-----
Short Blades   | 2 3 4 |  4.2
Stealth        | 1 2 3 |  3.3
Dodging        | 1 2 3 |  3.3
Fighting       | 4 |  4.6
Armour         | 4 |  4.6
Shields        | |  3.2

Action                   |  1- 3 |  4- 6 |  7- 9 || total
-------------------------+-------+-------+-------++-------
Melee: Rapier            |    92 |    53 |       ||   145
       Short sword       |       |   403 |   171 ||   574
  Use: Scroll            |       |     4 |       ||     4
       Potion            |       |     2 |     7 ||     9
 Stab: Sleeping          |     1 |     5 |     1 ||     7
  Eat: Chunk             |     1 |     7 |     4 ||    12
Armor: Scale mail        |    44 |   207 |   103 ||   354
       Skin              |       |       |     3 ||     3
Dodge: Dodged            |    59 |   214 |    90 ||   363
